 Dungeon Sprint DCSS version 0.31.0-12-g77e489cdc1 (webtiles) character file.

Game seed: 6724130202539104788

1566 Groucho the Geomancer (level 8, -6/46 HPs)
             Began as a Deep Elf Earth Elementalist on Mar 6, 2024.
             Was a High Priest of Sif Muna.
             Mangled by a fire elemental (11 damage)
             ... summoned by a deep elf pyromancer
             ... in the Dungeon (Sprint VII: "The Pits").
             The game lasted 00:07:38 (2273 turns).

Groucho the Geomancer (Deep Elf Earth Elementalist) Turns: 2273, Time: 00:07:40

Health: -6/46      AC:  7    Str:  5    XL:     8   Next: 59%
Magic:  13/24      EV: 14    Int: 26    God:    Sif Muna [*****.]
Gold:   0          SH:  0    Dex: 15    Spells: 14/28 levels left

rFire   . . .        h - +2 dagger
rCold   . . .        (no shield)
rNeg    . . .        a - +0 robe
rPois   .            r - +0 helmet
rElec   .            q - +0 cloak
rCorr   .            (no gloves)
SInv    .            (no boots)
Will    .....        (no amulet)
Stlth   +++          m - +3 ring of protection
HPRegen 0.27/turn    n - +3 ring of intelligence
MPRegen 0.19/turn

%: no teleportation
@: no status effects
A: no striking features
a: Renounce Religion, Channel Magic, Forget Spell, Divine Exegesis


You were in the Dungeon.
You worshipped Sif Muna.
Sif Muna was extremely pleased with you.
You visited 1 branch

Inventory:

Hand Weapons
 h - a +2 dagger (weapon)
 p - a +2 rapier of electrocution
Armour
 a - a +0 robe (worn)
 q - a +0 cloak (worn)
 r - a +0 helmet (worn)
Jewellery
 m - a +3 ring of protection (left hand)
 n - a +3 ring of intelligence (right hand)
Wands
 s - a wand of polymorph (9)
Scrolls
 g - a scroll of blinking
 j - 2 scrolls of vulnerability
 k - 5 scrolls of amnesia
 l - a scroll of butterflies
Potions
 b - 5 potions of magic
 c - 5 potions of curing
 d - 11 potions of heal wounds
 e - a potion of haste
 f - 5 potions of berserk rage
 i - a potion of invisibility
 o - 4 potions of mutation


   Skills:
 - Level 3.0 Fighting
 - Level 5.0 Short Blades
 - Level 5.0 Dodging
 - Level 7.0 Stealth
 + Level 10.5 Spellcasting
 + Level 8.6 Conjurations
 + Level 11.2 Earth Magic
 + Level 5.5 Alchemy
 + Level 7.9 Invocations


You had 14 spell levels left.
You knew the following spells:

 Your Spells              Type           Power      Damage    Failure   Level
a - Sandblast             Erth           100%       2d20      1%          1
b - Stone Arrow           Conj/Erth      100%       3d13      1%          3
c - Petrify               Alch/Erth      55%        N/A       1%          4
d - Bombard               Conj/Erth      30%        9d5       12%         6

Your spell library contained the following spells:

 Spells                   Type           Power      Damage    Failure   Level
 Mercury Vapours          Alch/Air       56%        N/A       1%          2
 Passwall                 Erth           64%        N/A       1%          3
 Brom's Barrelling Bould  Conj/Erth      60%        2d8       1%          4
 Leda's Liquefaction      Alch/Erth      27%        N/A       1%          4
 Animate Armour           Summ/Erth      84%        N/A       4%          4
 Alistair's Intoxication  Alch           28%        N/A       12%         5


Dungeon Overview and Level Annotations

Branches:
Dungeon (1/1)

Altars:
Ashenzari
Cheibriados
Dithmenos
Elyvilon
Fedhas
Gozag
Hepliaklqana
Kikubaaqudgha
Makhleb
Nemelex Xobeh
Okawaru
Qazlal
Ru
Sif Muna
Trog
Uskayaw
Vehumet
Wu Jian
Xom
Yredelemnul
Zin
The Shining One
Jiyva
Lugonu


Message History

Press: ? - help, Q - select action, (/) - cycle Shift-Dir - straight line, f - jackal
Aim: a jackal (wandering, hasn't noticed you, 72% to hit)
The stone arrow hits the jackal!!
You kill the jackal!
Sif Muna accepts your kill.
Unknown command.
You start resting.
A deep elf pyromancer is nearby!
Casting: Stone Arrow (safe; 1% risk of failure)
Confirm with . or Enter, or press ? or * to list all spells.
Aiming: Petrify (dangerous; 1% risk of failure)
Press: ? - help, Shift-Dir - straight line, f - deep elf pyromancer
Aim: a deep elf pyromancer, wielding a +0 dagger (chance to affect: 57%)
The deep elf pyromancer is moving more slowly.
The deep elf pyromancer casts a spell.
Unknown command.
Unknown command.
The deep elf pyromancer gestures wildly while chanting.
The fire elemental hits you. The fire elemental burns you!
The fire elemental barely misses you. The fire elemental misses you.
The fire elemental closely misses you. The fire elemental hits you.
The fire elemental burns you!
The deep elf pyromancer stops moving altogether!
The fire elemental closely misses you.
The fire elemental completely misses you.
The fire elemental barely misses you. The fire elemental hits you.
The fire elemental burns you!
* * * LOW HITPOINT WARNING * * *
The fire elemental misses you. The fire elemental hits you.
The fire elemental burns you!
* * * LOW HITPOINT WARNING * * *
The fire elemental closely misses you.
You feel much better. The fire elemental hits you.
The fire elemental burns you! The fire elemental hits you.
The fire elemental burns you!
* * * LOW HITPOINT WARNING * * *
The fire elemental hits you.
* * * LOW HITPOINT WARNING * * *
The fire elemental burns you!
You die...

__.# __.#
...###########++######
##'##................#
)'.##......#..#......#
##.##................+
[...[.........°☼.....+
#####......#..#EE....#
#..##..........E@....#
#))#####'#####'e######
#))##.......##''#
#))##.......##....
#[[##.......##.....
#'###...<...##.....#
...##.......##...###
...##.......##..##
#####.......#


You could see a deep elf pyromancer (petrified) and 3 fire elementals.

Vanquished Creatures
  A deep elf zephyrmancer (D)
  An orange demon (D)
  A glass eye (D)
  A redback (D)
  A sky beast (D)
  A gnoll sergeant (D)
  4 wights (D)
  3 quasits (D)
  Ijyb (D)
  3 gnolls (D)
  An adder (D)
  A river rat (D)
  An adder zombie (D)
  An orc (D)
  A ball python (D)
  A bat (D)
  An endoplasm (D)
  A hobgoblin (D)
  3 jackals (D)
  A quokka (D)
  A frilled lizard (D)
30 creatures vanquished.

Notes
Turn   | Place    | Note
-------+----------+-------------------------------------------
     0 | D        | Groucho the Deep Elf Earth Elementalist began the quest for
                  | the Orb.
     0 | D        | Reached XP level 1. HP: 10/10 MP: 6/6
    40 | D        | Found a glowing golden altar of the Shining One.
    40 | D        | Found a glowing silver altar of Zin.
    40 | D        | Found a basalt altar of Yredelemnul.
    40 | D        | Found a shimmering altar of Xom.
    40 | D        | Found an ornate altar of the Wu Jian Council.
    40 | D        | Found a bloodstained altar of Trog.
    40 | D        | Found a shimmering blue altar of Sif Muna.
    40 | D        | Found a sacrificial altar of Ru.
    40 | D        | Found a stormy altar of Qazlal.
    40 | D        | Found an iron altar of Okawaru.
    40 | D        | Found a sparkling altar of Nemelex Xobeh.
    40 | D        | Found a burning altar of Makhleb.
    40 | D        | Found a viscous altar of Jiyva.
    40 | D        | Found a hazy altar of Hepliaklqana.
    40 | D        | Found an opulent altar of Gozag.
    40 | D        | Found a blossoming altar of Fedhas.
    40 | D        | Found a white marble altar of Elyvilon.
    40 | D        | Found a shadowy altar of Dithmenos.
    40 | D        | Found a snail-covered altar of Cheibriados.
    41 | D        | Found a radiant altar of Vehumet.
    41 | D        | Found a corrupted altar of Lugonu.
    42 | D        | Found an ancient bone altar of Kikubaaqudgha.
    42 | D        | Found a hide-covered altar of Uskayaw.
    42 | D        | Found a broken altar of Ashenzari.
    43 | D        | Became a worshipper of Sif Muna the Loreminder
    57 | D        | Reached skill level 4 in Earth Magic
    57 | D        | Reached XP level 2. HP: 12/15 MP: 3/9
   352 | D        | Reached * piety under Sif Muna
   354 | D        | Reached skill level 5 in Earth Magic
   405 | D        | Reached ** piety under Sif Muna
   406 | D        | Reached skill level 1 in Invocations
   632 | D        | Reached XP level 3. HP: 15/19 MP: 6/11
   677 | D        | Noticed a glass eye
   677 | D        | Noticed a sky beast
   677 | D        | Noticed Ijyb
   677 | D        | Noticed a wight
   677 | D        | Noticed a wight
   692 | D        | Reached skill level 5 in Spellcasting
   692 | D        | Reached skill level 6 in Earth Magic
   697 | D        | Killed a glass eye
   697 | D        | Reached *** piety under Sif Muna
   698 | D        | Reached skill level 9 in Earth Magic
   698 | D        | Reached skill level 5 in Invocations
   698 | D        | Reached XP level 4. HP: 15/24 MP: 3/15
   698 | D        | Reached XP level 5. HP: 17/28 MP: 3/17
   700 | D        | Reached skill level 1 in Short Blades
   700 | D        | Reached XP level 6. HP: 21/33 MP: 2/19
   983 | D        | Learned a level 3 spell: Stone Arrow
  1431 | D        | Killed Ijyb
  1432 | D        | Reached skill level 1 in Fighting
  1451 | D        | Learned a level 4 spell: Petrify
  1460 | D        | Killed a sky beast
  1461 | D        | Reached skill level 10 in Earth Magic
  1461 | D        | Reached skill level 1 in Alchemy
  1461 | D        | Reached **** piety under Sif Muna
  1462 | D        | Reached XP level 7. HP: 37/40 MP: 11/21
  2001 | D        | Noticed a deep elf zephyrmancer
  2003 | D        | Killed a deep elf zephyrmancer
  2004 | D        | Reached skill level 5 in Dodging
  2004 | D        | Reached XP level 8. HP: 46/46 MP: 15/23
  2051 | D        | Reached ***** piety under Sif Muna
  2119 | D        | Received a gift from Sif Muna
  2120 | D        | Got Tesiss's Atlas of Underground Impurities {god gift}
  2129 | D        | Learned a level 6 spell: Bombard
  2130 | D        | Noticed an orange demon
  2136 | D        | Reached skill level 10 in Spellcasting
  2137 | D        | Killed an orange demon
  2138 | D        | Reached skill level 5 in Short Blades
  2138 | D        | Reached skill level 11 in Earth Magic
  2138 | D        | Reached skill level 5 in Alchemy
  2257 | D        | Noticed a deep elf pyromancer
  2273 | D        | Mangled by a fire elemental

Illustrated notes

Levels and vault maps discovered:
D:        pitsprint [storerooms_1, entrance_room_1, metal_vault_4, armoury_2,
          mini_pit_1, grid_room_1, main_hall_1, silver_pit, the_coven_1,
          the_vestibule_1, steel_vault_2, golden_pit, hallway_of_sentries,
          crystal_vault_5, iron_vault_3, final_vault]

Skill      XL: |  1  2  3  4  5  6  7  8 |
---------------+-------------------------+-----
Spellcasting   | 4 7 8 9 10 | 10.5
Conjurations   | 2 3 6 7 8 |  8.6
Earth Magic    | 4 5 9 10 11 | 11.2
Invocations    | 1 5 6 7 |  7.9
Short Blades   | 1 2 4 5 |  5.0
Stealth        | 3 4 6 7 |  7.0
Fighting       | 2 3 |  3.0
Dodging        | 4 5 |  5.0
Alchemy        | 1 4 5 |  5.5

Action                     |  1- 3 |  4- 6 |  7- 9 || total
---------------------------+-------+-------+-------++-------
  Melee: Dagger            |       |    20 |       ||    20
         Punch             |       |     2 |       ||     2
         Unarmed           |       |     1 |       ||     1
   Cast: Sandblast         |    28 |     2 |       ||    30
         Stone Arrow       |       |     4 |    21 ||    25
         Petrify           |       |       |     1 ||     1
    Use: Potion            |     1 |     1 |     2 ||     4
   Stab: Invisible         |       |     1 |       ||     1
 Armour: Robe              |    25 |     4 |    18 ||    47
  Dodge: Dodged            |    22 |    13 |    10 ||    45
